 Dungeon Crawl Stone Soup version 0.19.1 (console) character file.

152 Jesseh the Chiller (level 5, -2/35 HPs)
             Began as a Merfolk Ice Elementalist on Nov 23, 2016.
             Killed by divine providence
             ... invoked by an orc priest
              (12 damage)
             ... on level 3 of the Dungeon.
             The game lasted 00:15:38 (2489 turns).

Jesseh the Chiller (Merfolk Ice Elementalist)       Turns: 2489, Time: 00:15:38

Health: -2/35      AC:  4    Str:  8    XL:     5   Next: 34%
Magic:  9/9        EV: 13    Int: 15    God:
Gold:   201        SH:  0    Dex: 15    Spells: 3 memorised, 2 levels left

rFire  . . .     SeeInvis .     l - +1 short sword (elec)
rCold  . . .     Gourm    .     a - +0 robe
rNeg   . . .     Faith    .     (no shield)
rPois  .         Spirit   .     (no helmet)
rElec  .         Reflect  .     w - +0 cloak
rCorr  .         Harm     .     (no gloves)
MR     .....                    s - +0 pair of boots
Stlth  ++........               D - amulet of magic regeneration
                                (no ring)
                                (no ring)

@: no status effects
A: change form in water, swift swim, stealthy swim
a: no special abilities


You were on level 3 of the Dungeon.
You were not hungry.

You visited 1 branch of the dungeon, and saw 3 of its levels.

You collected 201 gold pieces.

Inventory:

Hand Weapons
 h - a +0 dagger
   (You took it off a kobold on level 1 of the Dungeon)
 l - a +1 short sword of electrocution (weapon)
   (You took it off a kobold on level 2 of the Dungeon)
 p - a +1 short sword of protection
   (You took it off a kobold on level 1 of the Dungeon)
 z - a +2 hand axe of pain
   (You found it on level 2 of the Dungeon)
 C - a +0 spear
   (You found it on level 2 of the Dungeon)
Missiles
 E - 4 curare-tipped needles
Armour
 a - a +0 robe (worn)
 s - a +0 pair of boots (worn)
   (You found it on level 2 of the Dungeon)
 t - a +0 leather armour
   (You took it off a kobold on level 2 of the Dungeon)
 w - a +0 cloak (worn)
   (You found it on level 2 of the Dungeon)
Jewellery
 B - an uncursed amulet of faith
   (You found it on level 2 of the Dungeon)
 D - an amulet of magic regeneration (around neck)
   (You found it on level 3 of the Dungeon)
Scrolls
 f - a scroll of amnesia {unknown}
 g - 2 scrolls of teleportation {unknown}
 i - a scroll of enchant armour {unknown}
 n - a scroll of enchant weapon {unknown}
 u - a scroll of fear {unknown}
 v - 4 scrolls of identify {unknown}
 y - a scroll of random uselessness {unknown}
 A - a scroll of immolation {unknown}
 F - a scroll of blinking {unknown}
Potions
 d - a potion of degeneration {unknown}
 e - a potion of cancellation {unknown}
 j - a potion of ambrosia {unknown}
 k - a potion of might {unknown}
 m - a potion of mutation {unknown}
 x - a potion of curing {unknown}
Books
 b - a book of Frost
Comestibles
 c - 3 bread rations
 o - 5 fruits
 q - a meat ration
 r - 10 chunks of flesh


   Skills:
 - Level 2.6 Dodging
 - Level 2.1 Stealth
 + Level 3.0 Spellcasting
   Level 0.7 Conjurations
 - Level 3.1 Charms
 * Level 4.6 Ice Magic


You had 2 spell levels left.
You knew the following spells:

 Your Spells              Type           Power        Failure   Level  Hunger
a - Freeze                Ice            ###.         3%          1    #......
b - Ozocubu's Armour      Chrm/Ice       ##......     14%         3    ###....
c - Summon Ice Beast      Ice/Summ       #.......     78%         4    #####..


Dungeon Overview and Level Annotations

Branches:
Dungeon (3/15)

Altars:
Ashenzari
Dithmenos
Gozag
Qazlal


Message History

You barely miss the quokka. The quokka barely misses you.
The quokka closely misses you.
You hit the quokka but do no damage.
The quokka bites you but does no damage.
You hit the quokka but do no damage.
There is a sudden explosion of sparks!
You kill the quokka!
A ball python and an adder come into view.
The ball python hisses angrily.
A rat comes into view.
Aim: a ball python You freeze the ball python.
You kill the ball python!
The adder hisses angrily.
Aim: an adder You freeze the adder.
The adder misses you.
You barely miss the adder. The adder barely misses you. The rat bites you.
You barely miss the adder. The adder misses you. The rat barely misses you.
The adder closely misses you.
You hit the adder.
There is a sudden explosion of sparks!
You kill the adder!
The rat bites you. x2
You barely miss the rat. The rat bites you.
* * * LOW HITPOINT WARNING * * *
You closely miss the rat. The rat bites you but does no damage.
You hit the rat. The rat misses you.
You barely miss the rat. The rat barely misses you.
You hit the rat.
You kill the rat!
You see here an adder corpse.
You butcher the adder corpse.
r - 12 chunks of flesh (gained 1)
You see here a ball python corpse.
You butcher the ball python corpse.
r - 16 chunks of flesh (gained 4)
You now have 186 gold pieces (gained 15).
You start resting.
Some of the chunks of flesh in your inventory have rotted away. x2
Eating one of 11 chunks of flesh.
You start eating one of the 11 chunks of flesh.
You are feeling hungry.
r - 11 chunks of flesh (gained 1) Some of the chunks of flesh in your inventory have rotted away.
You now have 201 gold pieces (gained 15).
A giant cockroach comes into view.
A kobold comes into view.
The kobold shouts!
The kobold throws a stone.
The stone hits you but does no damage.
You see here a stone.
The giant cockroach bites you but does no damage.
Aim: a giant cockroach (clinging)
You freeze the giant cockroach.
You kill the giant cockroach!
An orc and an orc priest come into view.
An orc comes into view.
The orc shouts!
An orc comes into view.
It is wielding a dagger of electrocution.
The orc shouts!
The kobold barely misses you.
Aim: a kobold You freeze the kobold.
The orc shouts!
The kobold closely misses you.
A hobgoblin comes into view. It is wielding a club.
A gnoll comes into view. It is wielding a flail.
Aim: a kobold (moderately wounded)
You freeze the kobold.
You kill the kobold!
The orc priest looks satisfied for a moment.
A goblin comes into view. It is wielding a club.
A gnoll comes into view. It is wielding a flail.
You see here a kobold corpse.
Aim: an orc priest, wielding a dagger and wearing a leather armour You freeze the orc priest.
The gnoll shouts! x2
The orc priest misses you. The orc hits you with a falchion!
You barely miss the orc priest. The orc priest closely misses you.
The orc hits you with a falchion.
You barely miss the orc priest. The orc barely misses you. x2
The orc priest completely misses you.
You barely miss the orc priest. The orc barely misses you. The orc misses you.
The orc hits you with a falchion.
The orc priest mumbles some strange prayers to Beogh against you.
Beogh smites you!
* * * LOW HITPOINT WARNING * * *
A bat comes into view.
The hobgoblin shouts!
The bat closely misses you.
Here: a bat The floor.
An orc comes into view. It is wielding a dagger.
The orc shouts!
The bat barely misses you. The bat misses you.
A gnoll comes into view. It is wielding a whip.
The bat hits you but does no damage.
A kobold comes into view. It is wielding a spear.
The bat barely misses you.
The orc priest calls down the wrath of Beogh upon you.
Beogh smites you!
You die...

▒..... ..... .........
.▒▒..... .....▒▒........
........ .............K.
........ . ....▒........
.▒..... .. ............
▒..... ▒...▒.......▒..
........
....▒▒.o..........^▒▒▒▒▒
▒..?..m▒▒..▒▒....
▒▒.....ob........... .
▒.....▒......▒▒ ..▒ ▒
..▒.▒...g......▒ .. .
........▒......▒▒ ▒▒.▒▒▒
..g.g▒▒▒oo....▒ ▒.....
.▒▒..▒▒▒..▒▒..▒..▒▒.....
▒▒..▒.o▒▒▒............
.▒▒..†..▒▒......▒▒.....


You could see an orc priest, 2 gnolls, 4 orcs, a hobgoblin, a bat and a kobold
(wandering).

Vanquished Creatures
  Ijyb (D:2)
  4 adders
  A gnoll (D:1)
  2 oozes
  5 worms
  A dart slug (D:2)
  2 orcs (D:3)
  A ball python (D:3)
  3 giant cockroaches
  5 goblins
  5 hobgoblins
  A quokka (D:3)
  3 bats (D:2)
  5 frilled lizards
  12 kobolds
  4 rats
55 creatures vanquished.

Notes
Turn   | Place    | Note
-------+----------+-------------------------------------------
     0 | D:1      | Jesseh the Merfolk Ice Elementalist began the quest for the Orb.
     0 | D:1      | Reached XP level 1. HP: 13/13 MP: 3/3
   139 | D:1      | Reached XP level 2. HP: 19/19 MP: 3/5
   725 | D:1      | Reached skill level 3 in Spellcasting
   725 | D:1      | Reached XP level 3. HP: 23/24 MP: 2/7
   734 | D:1      | Learned a level 3 spell: Ozocubu's Armour
  1071 | D:2      | Reached skill level 1 in Charms
  1133 | D:2      | Reached XP level 4. HP: 11/30 MP: 2/8
  1135 | D:2      | Reached skill level 2 in Charms
  1339 | D:2      | Learned a level 4 spell: Summon Ice Beast
  1482 | D:2      | Reached skill level 4 in Ice Magic
  1616 | D:2      | Noticed Ijyb
  1620 | D:2      | Killed Ijyb
  1766 | D:2      | Found a shattered altar of Ashenzari.
  1800 | D:2      | Found an opulent altar of Gozag.
  1802 | D:2      | Found a stormy altar of Qazlal.
  2020 | D:2      | Reached skill level 3 in Charms
  2020 | D:2      | Reached XP level 5. HP: 35/35 MP: 7/9
  2283 | D:3      | Found a shadowy altar of Dithmenos.
  2489 | D:3      | Killed from afar by an orc priest

Skill      XL: |  1  2  3  4 |
---------------+-------------+-----
Spellcasting   | 3 |  3.0
Charms         | 1 3 |  3.1
Ice Magic      | 4 |  4.6
Dodging        | |  2.6
Stealth        | |  2.1
Conjurations   | |  0.7

Action                   |  1- 3 |  4- 6 || total
-------------------------+-------+-------++-------
Melee: Unarmed           |     6 |       ||     6
       Short sword       |    13 |    55 ||    68
 Cast: Freeze            |    35 |    38 ||    73
  Eat: Chunk             |     1 |     5 ||     6
Armor: Robe              |     7 |    22 ||    29
Dodge: Dodged            |    32 |    57 ||    89

Vault maps used:
D:1:      kennysheep_arrival_forest
D:2:      gammafunk_temple_overflow_forgotten, minmay_hexomino_c4, uniq_iyjb
D:3:      first_bread, nicolae_dithmenos_shadow_blocks

Table legend:
 A = Turns spent in this place as a percentage of turns spent in the entire game.
 B = Non-inter-level travel turns spent in this place as a percentage of non-inter-level travel turns spent in the entire game.
 C = Inter-level travel turns spent in this place as a percentage of turns spent in this place.
 D = Turns resting spent in this place as a percentage of non-inter-level travel turns spent in this place.
 E = Turns spent auto-exploring this place as a percentage of non-inter-level travel turns spent in this place.
 F = Non-inter-level travel turns spent in this place divided by the number of levels of this place that you've seen.
                   A       B       C       D       E      F
               +-------+-------+-------+-------+-------+----------------------
         Total | 100.0 | 100.0 |   0.3 |   1.8 |   7.9 | 220.0
       Dungeon | 100.0 | 100.0 |   0.3 |   1.8 |   7.9 | 220.0
               +-------+-------+-------+-------+-------+----------------------

Table legend:
 A = Kills in this place as a percentage of kills in entire the game.
 B = Kills by you in this place as a percentage of kills by you in the entire game.
 C = Kills by friends in this place as a percentage of kills by friends in the entire game.
 D = Other kills in this place as a percentage of other kills in the entire game.
 E = Experience gained in this place as a percentage of experience gained in the entire game.
 F = Experience gained in this place divided by the number of levels of this place that you have seen.
                   A       B       C       D       E      F
               +-------+-------+-------+-------+-------+----------------------
         Total | 100.0 | 100.0 |  -nan |  -nan | 100.0 |  72.7
       Dungeon | 100.0 | 100.0 |  -nan |  -nan | 100.0 |  72.7
               +-------+-------+-------+-------+-------+----------------------
